 Dungeon Crawl Stone Soup version 0.24-a0-307-gf989941 (webtiles) character file.

Game seed: 8839090823465512750

273 Aske the Slasher (level 6, 0/35 HPs)
             Began as a Gargoyle Gladiator on May 12, 2019.
             Slain by Blork the orc
             ... wielding a +0 flail
              (3 damage)
             ... on level 4 of the Dungeon.
             The game lasted 00:04:53 (3260 turns).

Aske the Slasher (Gargoyle Gladiator)               Turns: 3260, Time: 00:04:54

Health: 0/35       AC: 13    Str: 19    XL:     6   Next: 23%
Magic:  6/6        EV: 11    Int:  8    God:
Gold:   159        SH:  0    Dex: 12    Spells: 5/5 levels left

rFire    . . .     SeeInvis .   a - +0 long sword
rCold    . . .     Gourm    .   (no shield)
rNeg     + . .     Faith    .   j - +0 ring mail
rPois    ∞         Spirit   .   c - +0 helmet
rElec    +         Reflect  .   (no cloak)
rCorr    .         Harm     .   m - +1 pair of gloves
MR       .....                  (no boots)
Stlth    ++........             (no amulet)
HPRegen  0.11/turn              (no ring)
MPRegen  0.10/turn              (no ring)

@: hasted, very quick
A: negative energy resistance 1, electricity resistance, unbreathing,
petrification resistance, rot immunity, AC +4
a: no special abilities


You were on level 4 of the Dungeon.
You were not hungry.

You visited 1 branch of the dungeon, and saw 4 of its levels.

You collected 159 gold pieces.

Inventory:

Hand Weapons
 a - a +0 long sword (weapon)
 b - a +3 dagger
Missiles
 d - 2 throwing nets (quivered)
Armour
 c - a +0 helmet (worn)
 j - a +0 ring mail (worn)
 m - a +1 pair of gloves (worn)
Jewellery
 w - an uncursed ring of poison resistance {unknown}
Wands
 s - a wand of flame (10)
Scrolls
 e - a scroll of remove curse
 h - a scroll of fear {unknown}
 i - a scroll of fog {unknown}
 n - 2 scrolls of identify {unknown}
 p - a scroll of enchant armour
 q - 2 scrolls of teleportation {unknown}
 r - a scroll of magic mapping {unknown}
 v - a scroll of immolation {unknown}
Potions
 g - a potion of heal wounds {unknown}
 k - 3 potions of flight {unknown}
 o - a potion of curing
 u - a potion of brilliance {unknown}
Comestibles
 f - 10 rations
 t - 3 chunks of flesh


   Skills:
 - Level 2.1 Fighting
 * Level 4.7 Long Blades
 - Level 1.7 Throwing
 + Level 3.0 Armour
 - Level 2.4 Dodging
 + Level 3.3 Stealth


You had 5 spell levels left.
You didn't know any spells.
Your spell library was empty.

Dungeon Overview and Level Annotations

Branches:
Dungeon (4/15)
 Temple: D:4-7

Altars:
Cheibriados
Elyvilon
Makhleb
Nemelex Xobeh
Uskayaw
Xom
Zin

Annotations:
D:4 Blork the orc


Innate Abilities, Weirdness & Mutations

You are resistant to torment.
Your stone body is resilient. (AC +4)
You are immune to poison.
You resist negative energy. (rN+)
You are resistant to electric shocks. (rElec)
You can survive without breathing.
You are immune to petrification.
You are immune to rotting.


Message History

The worker ant is lightly wounded.
Blork the orc hits you but does no damage.
The worker ant barely misses you. Blork the orc hits you with a +0 flail.
You are too injured to fight recklessly!
You are too injured to fight recklessly!
You are too injured to fight recklessly!
You feel yourself speed up. The worker ant barely misses you.
You riposte.
You hit the worker ant.
The worker ant is heavily wounded.
Blork the orc hits you with a +0 flail. The worker ant bites you.
* * * LOW HITPOINT WARNING * * *
You hit Blork the orc.
Blork the orc is lightly wounded.
Blork the orc gestures at you while chanting.
The puff of flame hits you.
* * * LOW HITPOINT WARNING * * *
The worker ant bites you.
* * * LOW HITPOINT WARNING * * *
Blork the orc hits you with a +0 flail.
You die...

..!.... #.....#
#.....#... #.....##.#
#.....##.# ##.....##.##
##....†##...#
##....ao##...#
........@.....####
..###.#..$...[...####.#
...#.....#.....<...#
### ##.........######
..........###
##.###....# #. #....###
#. ##.....#
##.####.###.#


You could see Blork the orc and a worker ant.

Vanquished Creatures
  Crazy Yiuf (D:2)
  Terence (D:2)
  3 worker ants (D:4)
  4 gnolls (D:2)
  3 adders
  2 worms
  3 dart slugs
  3 leopard geckos
  An orc (D:3)
  6 bats
  2 giant cockroaches
  8 hobgoblins
  4 jackals (D:2)
  7 kobolds
  4 quokkas
  A ball python (D:3)
  7 frilled lizards
  6 goblins
  10 rats
76 creatures vanquished.

Notes
Turn   | Place    | Note
-------+----------+-------------------------------------------
     0 | D:1      | Aske the Gargoyle Gladiator began the quest for the Orb.
     0 | D:1      | Reached XP level 1. HP: 12/12 MP: 1/1
   125 | D:1      | Reached XP level 2. HP: 17/17 MP: 2/2
   128 | D:1      | Reached skill level 3 in Long Blades
   247 | D:1      | Reached skill level 1 in Stealth
   430 | D:1      | Reached skill level 1 in Armour
   733 | D:1      | Reached XP level 3. HP: 21/21 MP: 3/3
  1224 | D:2      | Found a runed translucent door.
  1225 | D:2      | Noticed Crazy Yiuf
  1260 | D:2      | Found a sparkling altar of Nemelex Xobeh.
  1261 | D:2      | Found a shimmering altar of Xom.
  1261 | D:2      | Found a snail-covered altar of Cheibriados.
  1261 | D:2      | Found a burning altar of Makhleb.
  1333 | D:2      | Reached XP level 4. HP: 18/26 MP: 4/4
  1758 | D:2      | Noticed Terence
  1787 | D:2      | Killed Terence
  1787 | D:2      | Reached skill level 4 in Long Blades
  1787 | D:2      | Reached XP level 5. HP: 28/30 MP: 5/5
  2214 | D:2      | Found a glowing silver altar of Zin.
  2291 | D:2      | Killed Crazy Yiuf
  2866 | D:3      | Found a white marble altar of Elyvilon.
  3041 | D:3      | Found a hide-covered altar of Uskayaw.
  3217 | D:4      | Reached XP level 6. HP: 29/35 MP: 6/6
  3237 | D:4      | Noticed Blork the orc
  3260 | D:4      | Slain by Blork the orc

Levels and vault maps discovered:
D:1:      psy_arrival_fountain, layout_basic
D:2:      layout_basic, lemuel_round_altar, grunt_temple_overflow_open,
          first_ration, uniq_terence, uniq_crazy_yiuf_cottage
D:3:      layout_basic, eat_drink_and_be_merry_uskayaw, lemuel_doored_altar
D:4:      layout_loops_ring, minmay_crystal_room, grunt_ministairs_3,
          serial_bayou_crossing, uniq_blork_the_orc

Skill      XL: |  1  2  3  4  5  6 |
---------------+-------------------+-----
Long Blades    | 3 4 |  4.7
Stealth        | 1 2 3 |  3.3
Armour         | 1 2 3 |  3.0
Fighting       | |  2.1
Throwing       | |  1.7
Dodging        | |  2.4

Action                   |  1- 3 |  4- 6 || total
-------------------------+-------+-------++-------
Melee: Long sword        |    88 |   152 ||   240
       Dagger            |       |    16 ||    16
Throw: Throwing net      |       |     2 ||     2
  Use: Potion            |     3 |     1 ||     4
       Scroll            |       |     2 ||     2
 Stab: Sleeping          |     1 |     3 ||     4
       Held in net/web   |       |     1 ||     1
  Eat: Chunk             |     1 |     7 ||     8
Armor: Leather armour    |    40 |    16 ||    56
       Ring mail         |       |    79 ||    79
Dodge: Dodged            |    65 |   111 ||   176
       Rpst.: Long sword |    18 |    33 ||    51

Table legend:
 A = Non-vault XP
 B = Vault XP
 C = Vault XP percentage of total XP
 D = Non-vault monster count
 E = Vault monster count
 F = Vault count percentage of total count
                 A         B        C        D         E       F
            +---------+---------+-------+---------+---------+-------
      Total |     314 |      76 |  19.5 |      74 |       2 |   2.6
            +---------+---------+-------+---------+---------+-------
        D:1 |      42 |       0 |   0.0 |      25 |       0 |   0.0
        D:2 |     105 |      76 |  42.0 |      25 |       2 |   7.4
        D:3 |      65 |       0 |   0.0 |      20 |       0 |   0.0
        D:4 |     102 |       0 |   0.0 |       4 |       0 |   0.0
            +---------+---------+-------+---------+---------+-------
